 Dungeon Crawl Stone Soup version 0.27-a0-1502-g47ed6a6988 (webtiles) character file.

Game seed: 5907480441670763555

396 Sobieck the Skirmisher (level 6, -5/68 HPs)
             Began as an Ogre Berserker on July 8, 2021.
             Was a Priest of Trog.
             Slain by an iguana (10 damage)
             ... on level 4 of the Dungeon.
             The game lasted 00:06:34 (3728 turns).

Sobieck the Skirmisher (Ogre Berserker)             Turns: 3728, Time: 00:06:35

Health: -5/68      AC:  3    Str: 24    XL:     6   Next: 82%
Magic:  6/6        EV: 10    Int:  8    God:    Trog [***...]
Gold:   93         SH:  0    Dex:  8    Spells: 5/5 levels left

rFire    . . .     SeeInvis .   a - +0 giant spiked club {mace}
rCold    + . .     Faith    .   (shield currently unavailable)
rNeg     . . .     Spirit   .   b - +0 animal skin
rPois    .         Reflect  .   (helmet restricted)
rElec    .         Harm     .   (no cloak)
rCorr    .         Rampage  .   (gloves unavailable)
Will     +++..                  (boots unavailable)
Stlth    +.........             (no amulet)
HPRegen  1.21/turn              v - ring of protection from cold
MPRegen  0.10/turn              q - ring of willpower

@: strong-willed, on berserk cooldown, flying, regenerating, slowed, very slow
A: large, unfitting armour, tough skin 1
a: Renounce Religion, Berserk, Trog's Hand


You were on level 4 of the Dungeon.
You worshipped Trog.
Trog was most pleased with you.
You visited 1 branch of the dungeon, and saw 5 of its levels.

You collected 93 gold pieces.


Innate Abilities, Weirdness & Mutations

You are too large for most types of armour.
You have tough skin. (AC +1)


   Skills:
 + Level 6.5 Fighting
 + Level 4.4 Maces & Flails
 + Level 4.4 Dodging


You had 5 spell levels left.
You didn't know any spells.
Your spell library contained the following spells:

 Spells                   Type           Power      Damage    Failure   Level
 Slow                     Hex            0%         N/A       54%         2
 Confusing Touch          Hex            0%         N/A       78%         3
 Vampiric Draining        Necr           0%         2d6       78%         3

Inventory:

Hand Weapons
 a - a +0 giant spiked club (weapon) {mace}
   (You took it off an ogre on level 4 of the Dungeon)
 f - a +2 short sword of holy wrath {short}
   (You took it off a kobold on level 1 of the Dungeon)
 g - a +0 mace {mace}
 y - a +1 vampiric whip {mace}
   (You took it off a kobold on level 1 of the Dungeon)
Missiles
 d - 104 stones (quivered) {throwing}
 e - 30 arrows
 k - 54 bolts
 u - 29 sling bullets
Armour
 b - a +0 animal skin (worn)
Magical Staves
 h - a staff of poison {forbidden!astaff}
   (You found it on level 1 of the Dungeon)
Jewellery
 l - a ring of resist corrosion
   (You found it on level 2 of the Dungeon)
 q - a ring of willpower (right hand)
   (You found it on level 2 of the Dungeon)
 v - a ring of protection from cold (left hand)
   (You found it on level 3 of the Dungeon)
Wands
 t - a wand of iceblast (3)
   (You found it on level 4 of the Dungeon)
Scrolls
 i - 2 scrolls of magic mapping {unknown}
 j - 4 scrolls of identify {unknown}
 n - a scroll of teleportation {unknown}
 o - a scroll of enchant weapon {unknown}
 r - a scroll of vulnerability {unknown}
 s - a scroll of blinking {unknown}
Potions
 c - a potion of degeneration {unknown}
 p - a potion of berserk rage {unknown}
 w - a potion of lignification {unknown}
 x - a potion of ambrosia {unknown}

Dungeon Overview and Level Annotations

Branches:
Dungeon (5/15)
 Temple: D:4-7

Altars:
Fedhas

Shops:
D:1 ( D:2

*
##########.#.....#
#.#.###.#
#######...# #.#
..........# #.#
#######...# #.#
#....# #.# #
#....# #.#
#.#....# #.#
#..<[..# #@#
######...###l#
............#)#
#############.#
... .#..# .....#
.⌠ ...# ... ...#


You could see an iguana.


Message History

y - a +1 vampiric whip {mace} Unknown command.
You are now empty-handed.
a - a +0 giant spiked club (weapon)
{mace}
Things that are here:
a +0 club {mace}; a +0 scale mail; a +0 falchion {long}
There is a stone staircase leading down, spattered with blood here.
An orc comes into view. It is wielding a +0 falchion.
The orc shouts!
You hear a shout!
An iguana comes into view.
The orc moves out of view.
Unknown command.
The iguana hisses angrily.
An orc warrior comes into view. It is wielding a +0 mace.
A red film seems to cover your vision as you go berserk!
You feel yourself moving faster!
You feel mighty! The orc barely misses you. 😎 HP[+33]
You now have 100 max hp (+33).
Your hp is fully restored (100).
You closely miss the orc. The orc barely misses you.
You completely miss the orc.
The orc hits you with a +0 falchion. 😕 HP[-4]
You take 4 damage, and now have 96/100 hp.
You closely miss the orc.
The orc hits you with a +0 falchion. 😕 HP[-4]
You take 4 damage, and now have 92/100 hp.
You completely miss the orc. The orc closely misses you.
You closely miss the orc.
The orc hits you with a +0 falchion. 😕 HP[-5]
You take 5 damage, and now have 87/100 hp.
You closely miss the orc.
The orc hits you with a +0 falchion. 😕 HP[-2]
You take 2 damage, and now have 85/100 hp.
You closely miss the orc.
The orc hits you with a +0 falchion. 😕 HP[-2]
You take 2 damage, and now have 83/100 hp.
You impale the orc!!
You kill the orc!
Trog accepts your kill.
You barely miss the orc warrior.
The orc warrior hits you with a +0 mace. 😕 HP[-4]
You take 4 damage, and now have 79/100 hp.
You sock the orc warrior! The orc warrior closely misses you.
You closely miss the orc warrior.
The orc warrior hits you with a +0 mace.
The iguana hisses menacingly. 😕 HP[-1]
You take 1 damage, and now have 78/100 hp.
You bludgeon the orc warrior!!
You kill the orc warrior!
Trog accepts your kill. 😕 HP[+2]
You now have 102 max hp (+2).
You regained 2 hp, and now have 80/102 hp.
You are no longer berserk.
You are exhausted.
You feel yourself slow down. The iguana barely misses you.
Items here: $ )) [ †. 😕 HP[-27]
You now have 68 max hp (-34).
You hit the iguana but do no damage. The iguana bites you.
The iguana bites you! 😮 HP[-9]
You take 9 damage, and now have 44/68 hp.
You hit the iguana but do no damage. The iguana bites you!
The iguana bites you.
* * * LOW HITPOINT WARNING * * *
The iguana misses you. 😨 HP[-13]
You take 13 damage, and now have 31/68 hp.
Unknown command.
You hit the iguana. The iguana bites you!
* * * LOW HITPOINT WARNING * * *
The iguana bites you.
* * * LOW HITPOINT WARNING * * *
😨 HP[-11]
You take 11 damage, and now have 20/68 hp.
Unknown command.
Your skin crawls.
You feel strong-willed. The iguana completely misses you.
The iguana barely misses you. 😨 HP[+2]
You regained 2 hp, and now have 22/68 hp. 😨 HP[+1]
The iguana bites you!
* * * LOW HITPOINT WARNING * * *
😱 HP[-6]
You take 6 damage, and now have 17/68 hp.
Unknown command.
It was a potion of flight.
You feel very buoyant.
You fly up into the air.
The iguana bites you.
* * * LOW HITPOINT WARNING * * *
😱 HP[-4]
You take 4 damage, and now have 13/68 hp.
You hit the iguana. The iguana bites you!
* * * LOW HITPOINT WARNING * * *
The iguana bites you!
You die...

Skill      XL: |  1  2  3  4  5 |
---------------+----------------+-----
Maces & Flails | 3 4 |  4.4
Dodging        | 3 4 |  4.4
Fighting       | 5 6 |  6.5

Action                   |  1- 3 |  4- 6 || total
-------------------------+-------+-------++-------
Melee: Mace              |    47 |       ||    47
       Whip              |    72 |   115 ||   187
       Giant spiked club |       |    16 ||    16
Invok: Berserk           |     4 |     6 ||    10
       Trog's Hand       |       |     1 ||     1
  Use: Potion            |       |     1 ||     1
Armor: Animal skin       |    31 |    24 ||    55
Dodge: Dodged            |    75 |    52 ||   127

Levels and vault maps discovered:
D:1:      dpeg_arrival_oval, layout_basic, serial_shops, shop, serial_glass,
          glass_columns_b, glass_columns_b, glass_columns_b, glass_columns_a,
          glass_columns_c, glass_columns_a
D:2:      layout_rooms, serial_shops, nicolae_shop_crystal,
          lexackson_kobold_supper
D:3:      layout_basic, ebering_ecumenical_altar_mist
D:4:      layout_basic, elyvilon_altar_5, kennysheep_mini,
          grunt_ashenzari_visionary [grunt_ashenzari_visionary_shoals,
          grunt_ashenzari_visionary_spider], grunt_dithmenos_smoke_and_mirrors
D:5:      layout_loops_ring, nicolae_vehumet_radiance, uniq_pikel,
          uniq_eustachio

Notes
Turn   | Place    | Note
-------+----------+-------------------------------------------
     0 | D:1      | Sobieck the Ogre Berserker began the quest for the Orb.
     0 | D:1      | Reached XP level 1. HP: 24/24 MP: 1/1
     0 | D:1      | magus.rc [v1.9.6]
     0 | D:1      | magus.rc [v1.9.6]
   216 | D:1      | Found Kievut's Antique Weapon Shoppe.
   286 | D:1      | Reached XP level 2. HP: 32/32 MP: 2/2
   450 | D:1      | Reached skill level 3 in Maces & Flails
   450 | D:1      | Reached skill level 3 in Dodging
   472 | D:1      | Reached XP level 3. HP: 37/40 MP: 3/3
   553 | D:1      | You pick up a book of Debilitation {forbidden} and begin
                  | reading...
   553 | D:1      | You add the spells Slow, Vampiric Draining and Confusing
                  | Touch to your library.
   672 | D:1      | Reached ** piety under Trog
  1209 | D:2      | Found Rajaphac's General Store.
  1215 | D:2      | Reached XP level 4. HP: 44/49 MP: 4/4
  1388 | D:2      | Reached skill level 5 in Fighting
  1798 | D:3      | You fall into a shaft and drop 1 floor!
  1831 | D:5      | Entered Level 5 of the Dungeon
  1986 | D:4      | Reached XP level 5. HP: 57/57 MP: 5/5
  2766 | D:3      | Reached skill level 4 in Maces & Flails
  2885 | D:3      | Reached *** piety under Trog
  3149 | D:3      | Found a faded altar of an unknown god.
  3448 | D:4      | Found a blossoming altar of Fedhas.
  3539 | D:5      | Noticed an ogre
  3560 | D:4      | Killed an ogre
  3561 | D:4      | Reached skill level 6 in Fighting
  3561 | D:4      | Reached skill level 4 in Dodging
  3561 | D:4      | Reached XP level 6. HP: 60/67 MP: 6/6
  3700 | D:4      | Noticed an orc warrior
  3719 | D:4      | Killed an orc warrior
  3726 | D:4      | HP: 17/68 [iguana (8)]
  3728 | D:4      | HP: 5/68 [iguana (11)]
  3728 | D:4      | Slain by an iguana

Vanquished Creatures
  An orc warrior (D:4)
  An ogre (D:4)
  A hound (D:4)
  2 iguanas
  An orc wizard (D:4)
  2 adders (D:3)
  A worm (D:3)
  A dart slug (D:1)
  5 orcs
  A ball python (D:1)
  10 endoplasms
  4 giant cockroaches
  3 goblins (D:1)
  5 hobgoblins (D:1)
  5 jackals
  4 quokkas
  7 bats
  7 frilled lizards
  10 kobolds
  8 rats
79 creatures vanquished.

Vanquished Creatures (others)
  6 plants (D:2)
6 creatures vanquished.

Grand Total: 85 creatures vanquished

Table legend:
 A = Non-vault XP
 B = Vault XP
 C = Vault XP percentage of total XP
 D = Non-vault monster count
 E = Vault monster count
 F = Vault count percentage of total count
                 A         B        C        D         E       F
            +---------+---------+-------+---------+---------+-------
      Total |     555 |      11 |   1.9 |      71 |       8 |  10.1
            +---------+---------+-------+---------+---------+-------
        D:1 |      71 |       0 |   0.0 |      40 |       0 |   0.0
        D:2 |      14 |      11 |  44.0 |       9 |       8 |  47.1
        D:3 |      82 |       0 |   0.0 |      11 |       0 |   0.0
        D:4 |     388 |       0 |   0.0 |      11 |       0 |   0.0
            +---------+---------+-------+---------+---------+-------

Illustrated notes

Table legend:
 A = Kills in this place as a percentage of kills in entire the game.
 B = Kills by you in this place as a percentage of kills by you in the entire game.
 C = Kills by friends in this place as a percentage of kills by friends in the entire game.
 D = Other kills in this place as a percentage of other kills in the entire game.
 E = Experience gained in this place as a percentage of experience gained in the entire game.
 F = Experience gained in this place divided by the number of levels of this place that you have seen.
                   A       B       C       D       E      F
               +-------+-------+-------+-------+-------+----------------------
         Total | 100.0 | 100.0 |   N/A |   N/A | 100.0 | 113.2
       Dungeon | 100.0 | 100.0 |   N/A |   N/A | 100.0 | 113.2
               +-------+-------+-------+-------+-------+----------------------

Table legend: (Time is in decaauts)
 A = Elapsed time spent in this place.
 B = Non-inter-level travel time spent in this place.
 C = Inter-level travel time spent in this place.
 D = Time resting spent in this place.
 E = Time spent auto-exploring this place.
 F = Levels seen in this place.
 G = Mean time per level.
                   A        B        C        D        E       F      G
               +--------+--------+--------+--------+--------+-----+--------+
         Total |   3816 |   3612 |    204 |    942 |   2043 |   5 |  763.2 |
       Dungeon |   3816 |   3612 |    204 |    942 |   2043 |   5 |  763.2 |
               +--------+--------+--------+--------+--------+-----+--------+

Top non-repeatable levels by time:
     D:3: 1497 daAuts
     D:1: 1117 daAuts
     D:2: 645 daAuts
     D:4: 528 daAuts
     D:5: 27 daAuts
